 Dungeon Crawl Stone Soup version 0.29.1-2-gbd0b4ee654 (webtiles) character file.

Game seed: 5705652587014660536

23 mortz the Grasshopper (level 2, -2/26 HPs)
             Began as a Naga Warper on Nov 12, 2022.
             Slain by an adder (4 damage)
             ... on level 2 of the Dungeon.
             The game lasted 00:04:12 (1484 turns).

mortz the Grasshopper (Naga Warper)                 Turns: 1484, Time: 00:04:13

Health: -2/26      AC:  2    Str: 13    XL:     2   Next: 95%
Magic:  5/5        EV:  9    Int: 13    God:
Gold:   38         SH:  0    Dex: 10    Spells: 3/5 levels left

rFire   . . .      SeeInvis +   a - +0 short sword
rCold   . . .      Faith    .   (no shield)
rNeg    . . .      Spirit   .   b - +0 leather armour
rPois   +          Reflect  .   (no helmet)
rElec   .          Harm     .   (no cloak)
rCorr   +          Rampage  .   (no gloves)
Will    .....                   (no barding)
Stlth   +.........              (no amulet)
HPRegen 0.08/turn               e - ring of resist corrosion
MPRegen 0.09/turn               (no ring)

@: lethally poisoned (-2 -> -6), very slow
A: AC +0, large, see invisible, deformed body, poison resistance, slowness 2,
spit poison 1, naga tail 1
a: Spit Poison


You were on level 2 of the Dungeon.
You visited 1 branch of the dungeon, and saw 2 of its levels.

You collected 38 gold pieces.

Inventory:

Hand Weapons
 a - a +0 short sword (weapon)
 h - a +0 dagger
 k - a +0 dagger
 n - a +0 hand axe
Missiles
 d - 7 boomerangs of dispersal (quivered)
Armour
 b - a +0 leather armour (worn)
Jewellery
 e - a ring of resist corrosion (left hand)
Scrolls
 c - a scroll of blinking
 i - a scroll of brand weapon {unknown}
 l - a scroll of enchant weapon {unknown}
Potions
 f - a potion of curing
 g - a potion of attraction
 j - a potion of flight {unknown}
 m - a potion of might {unknown}


   Skills:
 + Level 2.2 Fighting
 + Level 2.1 Short Blades
 + Level 0.8 Throwing
 + Level 1.1 Armour
 + Level 1.7 Dodging
 + Level 2.1 Spellcasting
 + Level 3.4 Translocations


You had 3 spell levels left.
You knew the following spells:

 Your Spells              Type           Power      Damage    Failure   Level
b - Blink                 Tloc           20%        N/A       12%         2

Your spell library contained the following spells:

 Spells                   Type           Power      Damage    Failure   Level
 Gell's Gravitas          Tloc           10%        N/A       24%         3
 Lesser Beckoning         Tloc           10%        N/A       24%         3
 Teleport Other           Tloc           10%        N/A       24%         3
 Manifold Assault         Tloc           10%        N/A       91%         5


Dungeon Overview and Level Annotations

Branches:
Dungeon (2/15) Zot: 10236

Altars:


Innate Abilities, Weirdness & Mutations

Your serpentine skin is tough. (AC +0)
You have supernaturally acute eyesight. (SInv)
Armour fits poorly on your strangely shaped body.
Your system is resistant to poisons. (rPois)
You cover ground very slowly.
You can spit poison.
You have a snake-like lower body.


Message History

The adder is heavily wounded.
The adder bites you.
You barely miss the adder.
The adder is moderately wounded.
You have got your breath back.
The adder barely misses you.
You barely miss the adder.
The adder is moderately wounded.
The adder bites you.
You closely miss the adder.
The adder is moderately wounded.
The adder closely misses you.
You hit the adder.
The adder is heavily wounded.
The adder bites you. The adder closely misses you.
You barely miss the adder.
The adder is heavily wounded.
The adder bites you.
* * * LOW HITPOINT WARNING * * *
You closely miss the adder.
The adder is heavily wounded.
The adder bites you.
* * * LOW HITPOINT WARNING * * *
You are too injured to fight recklessly!
You are too injured to fight recklessly!
You hit the adder.
The adder is almost dead.
The adder bites you.
* * * LOW HITPOINT WARNING * * *
You are lethally poisoned!
The adder poisons you!
You miss the adder.
The adder is almost dead.
* * * LOW HITPOINT WARNING * * *
You feel sick. The adder barely misses you.
You barely miss the adder.
The adder is almost dead.
* * * LOW HITPOINT WARNING * * *
You feel sick. The adder barely misses you. The adder bites you.
You die...

#..#......##.#.....#..#
.........###.###......#
#..#.....# #.###.#.#.##
#..##....#
#.........###
...#####+#
#####.......# ...#
#.#...... #.##
#.#####.# #.# #.#.##
#.# #@S..# ...
+.......# #.# ###....##
#.# #.....$ ####.### .#
.#


You could see an adder.

Vanquished Creatures
  2 endoplasms (D:1)
  A goblin (D:1)
  2 hobgoblins (D:1)
  4 kobolds (D:1)
  5 ball pythons
  3 frilled lizards (D:1)
  7 rats
24 creatures vanquished.

Vanquished Creatures (others)
  5 toadstools (D:1)
5 creatures vanquished.

Grand Total: 29 creatures vanquished

Notes
Turn   | Place    | Note
-------+----------+-------------------------------------------
     0 | D:1      | mortz the Naga Warper began the quest for the Orb.
     0 | D:1      | Reached XP level 1. HP: 19/19 MP: 3/3
   486 | D:1      | Reached XP level 2. HP: 23/26 MP: 5/5
   820 | D:1      | Reached skill level 1 in Armour
  1357 | D:1      | Learned a level 2 spell: Blink
  1484 | D:2      | Slain by an adder

Illustrated notes

Levels and vault maps discovered:
D:1:      ldierk_walled_garden, layout_loops_ring
D:2:      layout_loops_corners, basic_altar, ebering_ecumenical_altar_abandoned

Skill      XL: |  1  2 |
---------------+-------+-----
Armour         | 1 |  1.1
Fighting       | |  2.2
Short Blades   | |  2.1
Throwing       | |  0.8
Dodging        | |  1.7
Spellcasting   | |  2.1
Translocations | |  3.4

Action                   || total
-------------------------++-------
Melee: Short sword       ||    94
       Punch             ||     2
 Abil: Spit Poison       ||     9
  Use: Scroll            ||     2
Armor: Leather armour    ||    10
Dodge: Dodged            ||    38
